 Dungeon Crawl Stone Soup version 0.31-a0-303-gdc8c9485ea (webtiles) character file.

Game seed: 4274813617730463724

23 marky1606 the Chopper (level 2, 0/22 HPs)
             Began as a Demonspawn Wanderer on July 17, 2023.
             Slain by a worm (6 damage)
             ... on level 2 of the Dungeon.
             The game lasted 00:04:02 (1012 turns).

marky1606 the Chopper (Demonspawn Wanderer)         Turns: 1012, Time: 00:04:03

Health: 0/22       AC:  3    Str: 12 (14) XL:     2   Next: 75%
Magic:  3/3        EV: 10    Int: 11 (12) God:
Gold:   127        SH:  0    Dex:  9 (11) Spells: 2/3 levels left

rFire   . . .        d - +0 broad axe (freeze)
rCold   . . .        (no shield)
rNeg    . . .        c - +0 leather armour
rPois   .            (no helmet)
rElec   .            (no cloak)
rCorr   .            (no gloves)
SInv    .            (no boots)
Will    .....        (no amulet)
Stlth   +            e - ring of flight
HPRegen 0.23/turn    (no ring)
MPRegen 0.08/turn

%: no passive effects
@: flying
A: powered by death 1
a: no special abilities


You were on level 2 of the Dungeon.
You visited 1 branch of the dungeon, and saw 2 of its levels.

You collected 127 gold pieces.

Inventory:

Hand Weapons
 a - a +1 hand axe
 d - a +0 broad axe of freezing (weapon)
Armour
 c - a +0 leather armour (worn)
Jewellery
 e - a ring of flight (left hand)
Scrolls
 b - a scroll of fog
 g - 2 scrolls of amnesia {unknown}
 h - a scroll of brand weapon {unknown}
Potions
 f - a potion of curing {unknown}


   Skills:
 + Level 2.2 Fighting
 + Level 3.1 Axes
 - Level 1.0 Throwing
 * Level 1.3 Armour
 - Level 1.0 Spellcasting
 - Level 2.6 Transmutations


You had 2 spell levels left.
You knew the following spells:

 Your Spells              Type           Power      Damage    Failure   Level
a - Sting                 Tmut/Pois      12%        1d3       24%         1

Your spell library contained the following spells:

 Spells                   Type           Power      Damage    Failure   Level
 Passwall                 Tmut/Erth      2%         N/A       34%         2
 Petrify                  Tmut/Erth      3%         N/A       93%         4


Dungeon Overview and Level Annotations

Branches:
Dungeon (2/15)

Altars:


Innate Abilities, Weirdness & Mutations

You regenerate a little health from kills.


Message History

HP restored.
Found a stone staircase leading down.
Found a club.
Found an escape hatch in the floor.
A dart slug comes into view.
You hit the dart slug but do no damage. The dart slug closely misses you.
You hit the dart slug. You freeze the dart slug.
The dart slug is moderately wounded.
The dart slug bites you but does no damage.
You slash the dart slug! You freeze the dart slug.
You kill the dart slug!
You see here a dart slug corpse.
h - a scroll labelled MEVUFI MIPEILO
Found a ring mail.
You see here a +0 club.
A kobold comes into view. It is wielding a +0 dagger.
The kobold shouts!
The kobold hits you with a +0 dagger.
You slash the kobold! You freeze the kobold.
You kill the kobold!
Things that are here:
a +0 dagger; 4 stones A sourceless malevolence fills the Dungeon... and a teleportation trap spontaneously manifests!
You are yanked towards a nearby monster!
Your surroundings seem slightly different.
A worm comes into view.
Found 13 gold pieces.
Found a stone staircase leading up.
A worm is nearby!
You hit the worm. You freeze the worm.
The worm is lightly wounded.
The worm bites you.
You barely miss the worm.
The worm is lightly wounded.
The worm bites you!
You hit the worm but do no damage. The worm bites you.
* * * LOW HITPOINT WARNING * * *
You slash the worm! You freeze the worm.
The worm is almost dead.
The worm bites you.
You die...

########.##..###.#
#.###.# #.#
#........##.#
#........##.#
####.........#.>
####............##.
#................ .
##................
#.w@.......######.
#.########$<. # #


You could see a worm.

Vanquished Creatures
  A worm (D:2)
  A dart slug (D:2)
  A bat (D:1)
  2 endoplasms (D:1)
  A goblin (D:1)
  A hobgoblin (D:2)
  2 kobolds (D:2)
  A quokka (D:1)
  4 ball pythons
  2 frilled lizards (D:1)
  3 rats
19 creatures vanquished.

Notes
Turn   | Place    | Note
-------+----------+-------------------------------------------
     0 | D:1      | marky1606 the Demonspawn Wanderer began the quest for the
                  | Orb.
     0 | D:1      | marky1606 set off with the following items: a +1 hand axe,
                  | a scroll of fog, a +0 leather armour; and the following
                  | spell memorised: Sting; and the following spells available
                  | to memorise: Passwall, Petrify.
     0 | D:1      | Reached XP level 1. HP: 16/16 MP: 2/2
   329 | D:1      | Reached skill level 3 in Axes
   331 | D:1      | Gained mutation: You regenerate a little health from kills.
                  | [demonic ancestry]
   331 | D:1      | Reached XP level 2. HP: 10/22 MP: 3/3
   860 | D:1      | Identified a scroll of acquirement
   862 | D:1      | Acquired a +0 broad axe of freezing
   884 | D:2      | Reached skill level 1 in Armour
  1012 | D:2      | Slain by a worm

Illustrated notes

Levels and vault maps discovered:
D:1:      roderic_crossed_star, layout_basic
D:2:      layout_rooms, uniq_natasha

Skill      XL: |  1  2 |
---------------+-------+-----
Axes           | 3 |  3.1
Armour         | 1 |  1.3
Fighting       | |  2.2
Throwing       | |  1.0
Spellcasting   | |  1.0
Transmutations | |  2.6

Action                     || total
---------------------------++-------
  Melee: Hand axe          ||    31
         Broad axe         ||    29
    Use: Potion            ||     3
         Scroll            ||     1
 Armour: Leather armour    ||    16
  Dodge: Dodged            ||    38

Table legend: (Time is in decaauts)
 A = Elapsed time spent in this place.
 B = Non-inter-level travel time spent in this place.
 C = Inter-level travel time spent in this place.
 D = Time resting spent in this place.
 E = Time spent auto-exploring this place.
 F = Levels seen in this place.
 G = Mean time per level.
                   A        B        C        D        E       F      G
               +--------+--------+--------+--------+--------+-----+--------+
         Total |   1029 |   1029 |      0 |      0 |    813 |   2 |  514.5 |
       Dungeon |   1029 |   1029 |      0 |      0 |    813 |   2 |  514.5 |
               +--------+--------+--------+--------+--------+-----+--------+

Top non-repeatable levels by time:
     D:1: 877 daAuts
     D:2: 151 daAuts
